 Dungeon Crawl Stone Soup version 0.20.1-1-g8b1a95d (webtiles) character file.

148 tidbits the Ducker (level 4, 0/37 HPs)
             Began as a Demigod Wanderer on Aug 22, 2017.
             Slain by a sky beast (5 damage)
             ... on level 5 of the Dungeon.
             The game lasted 00:04:12 (426 turns).

tidbits the Ducker (Demigod Wanderer)                Turns: 426, Time: 00:04:13

Health: 0/37       AC:  3    Str: 16    XL:     4   Next: 82%
Magic:  6/6        EV: 14    Int: 16    God:
Gold:   65         SH:  0    Dex: 16    Spells: 3/3 levels left

rFire    . . .     SeeInvis .   (no weapon)
rCold    . . .     Gourm    .   (no shield)
rNeg     . . .     Faith    .   B - +0 leather armour
rPois    .         Spirit   .   (no helmet)
rElec    .         Reflect  .   (no cloak)
rCorr    .         Harm     .   (no gloves)
MR       .....                  (no boots)
Stlth    ++........             (no amulet)
Regen    0.2/turn               (no ring)
MPRegen  0.1/turn               (no ring)

@: no status effects
A: high mp 1
a: no special abilities


You were on level 5 of the Dungeon.
You were not hungry.

You visited 1 branch of the dungeon, and saw 5 of its levels.

You collected 65 gold pieces.

Inventory:

Hand Weapons
 a - a +2 shortbow
Missiles
 b - 15 arrows
 k - 2 silver javelins (quivered)
Armour
 e - a +0 robe
 B - a +0 leather armour (worn)
Scrolls
 c - a scroll of identify
 h - a scroll of amnesia
 j - a scroll of teleportation
 l - a scroll of remove curse
Potions
 d - a potion of curing
 i - a potion of heal wounds
Comestibles
 f - 2 bread rations


   Skills:
 + Level 2.8 Fighting
 - Level 1.7 Bows
 - Level 1.7 Armour
 - Level 4.2 Dodging
 - Level 1.0 Stealth
   Level 1.7 Shields


You had 3 spell levels left.
You didn't know any spells.

Dungeon Overview and Level Annotations

Branches:
Dungeon (5/15)
 Temple: D:4-7


Innate Abilities, Weirdness & Mutations

You have an increased reservoir of magic. (+10% MP)


Message History

You swing at nothing.
You swing at nothing.
Your transformation is almost over.
You swing at nothing.
You swing at nothing.
You swing at nothing.
You swing at nothing.
You swing at nothing.
You swing at nothing.
You feel less wooden.
Your +0 leather armour unmelds from your body.
You swing at nothing.
You see here a sky beast corpse.
Found a scroll of identify.
An adder comes into view.
Firing (i - inventory. (,) - cycle):
b - 20 arrows (quivered)
Press: ? - help, Shift-Dir - straight line, f - adder
Aim: an adder (resting)
You shoot an arrow. The arrow hits the adder!
You kill the adder!
c - a scroll of identify
b - 20 arrows (gained 1)
There is a stone staircase leading up here.
Found a bread ration.
A sky beast comes into view.
Found a ring mail, a scale mail and 4 tomahawks.
Firing (i - inventory. (,) - cycle):
b - 20 arrows (quivered)
Press: ? - help, Shift-Dir - straight line, f - sky beast
Aim: a sky beast (resting)
You shoot an arrow. The arrow hits the sky beast.
The sky beast is lightly wounded.
Firing (i - inventory. (,) - cycle):
b - 19 arrows (quivered)
Press: ? - help, Shift-Dir - straight line, f/p - sky beast
Aim: a sky beast (lightly wounded)
You shoot an arrow.
The arrow hits the sky beast but does no damage.
The sky beast is lightly wounded.
Firing (i - inventory. (,) - cycle):
b - 18 arrows (quivered)
Press: ? - help, Shift-Dir - straight line, f/p - sky beast
Aim: a sky beast (lightly wounded)
You shoot an arrow. The arrow hits the sky beast.
The sky beast is lightly wounded.
Firing (i - inventory. (,) - cycle):
b - 17 arrows (quivered)
Press: ? - help, Shift-Dir - straight line, f/p - sky beast
Aim: a sky beast (lightly wounded)
You shoot an arrow. The arrow closely misses the sky beast.
Wield which item (- for none, * to show all)? (? for menu, Esc to quit)
Okay, then.
Firing (i - inventory. (,) - cycle):
b - 16 arrows (quivered)
Press: ? - help, Shift-Dir - straight line, f/p - sky beast
Aim: a sky beast (lightly wounded)
You shoot an arrow. The arrow hits the sky beast.
The sky beast is moderately wounded.
The sky beast misses you.
Wield which item (- for none, * to show all)? (? for menu, Esc to quit)
You are now empty-handed.
Throwing (i - inventory):
k - 8 silver javelins (quivered)
Press: ? - help, Shift-Dir - straight line, f/p - sky beast
Aim: a sky beast (moderately wounded)
You throw a silver javelin. The silver javelin hits the sky beast.
The sky beast is heavily wounded.
The sky beast hits you but does no damage.
Throwing (i - inventory):
k - 7 silver javelins (quivered)
Press: ? - help, Shift-Dir - straight line, f/p - sky beast
Aim: a sky beast (heavily wounded)
You throw a silver javelin.
The silver javelin misses the sky beast.
The sky beast hits you. The sky beast shocks you. The sky beast misses you.
Throwing (i - inventory):
k - 6 silver javelins (quivered)
Press: ? - help, Shift-Dir - straight line, f/p - sky beast
Aim: a sky beast (heavily wounded)
You throw a silver javelin. The silver javelin hits the sky beast.
The sky beast is severely wounded.
The sky beast hits you. The sky beast shocks you.
* * * LOW HITPOINT WARNING * * *
Throwing (i - inventory):
k - 5 silver javelins (quivered)
Press: ? - help, Shift-Dir - straight line, f/p - sky beast
Aim: a sky beast (severely wounded)
You throw a silver javelin. The silver javelin hits the sky beast.
The sky beast is severely wounded.
The sky beast hits you but does no damage.
The sky beast closely misses you.
Throwing (i - inventory):
k - 4 silver javelins (quivered)
Press: ? - help, Shift-Dir - straight line, f/p - sky beast
Aim: a sky beast (severely wounded)
You throw a silver javelin. The silver javelin hits the sky beast.
The sky beast is severely wounded.
The sky beast hits you.
* * * LOW HITPOINT WARNING * * *
The sky beast shocks you.
* * * LOW HITPOINT WARNING * * *
Throwing (i - inventory):
k - 3 silver javelins (quivered)
Press: ? - help, Shift-Dir - straight line, f/p - sky beast
Aim: a sky beast (severely wounded)
You throw a silver javelin. The silver javelin hits the sky beast.
The sky beast is almost dead.
The sky beast hits you.
* * * LOW HITPOINT WARNING * * *
The sky beast shocks you.
You die...

#######
#####.....#
####.....###@#
##<...#####
#Y# ####.†####
[(. .....##
..(.. ######
...(..%
..[......
....(......
##..(......##


You could see a sky beast.

Vanquished Creatures
  A sky beast (D:5)
  A worker ant (D:4)
  An adder (D:5)
  An ooze (D:3)
  A dart slug (D:3)
  A leopard gecko (D:2)
  2 orcs (D:4)
  A giant cockroach (D:2)
  4 goblins
  A kobold (D:1)
  A quokka zombie (D:4)
  A rat (D:1)
16 creatures vanquished.

Notes
Turn   | Place    | Note
-------+----------+-------------------------------------------
     0 | D:1      | tidbits the Demigod Wanderer began the quest for the Orb.
     0 | D:1      | tidbits set off with: a +2 shortbow, 22 arrows, a potion of lignification, a potion of curing, a +0 robe, a bread ration
     0 | D:1      | Reached XP level 1. HP: 18/18 MP: 3/3
    79 | D:2      | Reached skill level 1 in Dodging
   130 | D:3      | Reached XP level 2. HP: 13/25 MP: 4/4
   162 | D:3      | Reached skill level 2 in Dodging
   239 | D:4      | Reached XP level 3. HP: 14/30 MP: 5/5
   309 | D:5      | Entered Level 5 of the Dungeon
   309 | D:5      | Noticed a sky beast
   321 | D:5      | Killed a sky beast
   321 | D:5      | Reached skill level 4 in Dodging
   321 | D:5      | Reached XP level 4. HP: 22/37 MP: 6/6
   414 | D:5      | Noticed a sky beast
   426 | D:5      | Slain by a sky beast

Skill      XL: |  1  2  3 |
---------------+----------+-----
Dodging        | 1 2 4 |  4.2
Fighting       | |  2.8
Bows           | |  1.7
Armour         | |  1.7
Stealth        | |  1.0
Shields        | |  1.7

Action                   |  1- 3 |  4- 6 || total
-------------------------+-------+-------++-------
Melee: Unarmed           |    10 |       ||    10
 Fire: Shortbow          |    40 |     6 ||    46
Throw: Javelin           |       |     6 ||     6
  Use: Potion            |     1 |       ||     1
       Scroll            |       |     4 ||     4
Armor: Robe              |     5 |       ||     5
       Skin              |     9 |       ||     9
       Leather armour    |       |     2 ||     2
Dodge: Dodged            |    16 |     3 ||    19

Table legend:
 A = Turns spent in this place as a percentage of turns spent in the entire game.
 B = Non-inter-level travel turns spent in this place as a percentage of non-inter-level travel turns spent in the entire game.
 C = Inter-level travel turns spent in this place as a percentage of turns spent in this place.
 D = Turns resting spent in this place as a percentage of non-inter-level travel turns spent in this place.
 E = Turns spent auto-exploring this place as a percentage of non-inter-level travel turns spent in this place.
 F = Non-inter-level travel turns spent in this place divided by the number of levels of this place that you've seen.
                   A       B       C       D       E      F
               +-------+-------+-------+-------+-------+----------------------
         Total | 100.0 | 100.0 |   0.0 |   0.0 |   0.0 |  70.2
       Dungeon | 100.0 | 100.0 |   0.0 |   0.0 |   0.0 |  70.2
               +-------+-------+-------+-------+-------+----------------------

Table legend:
 A = Kills in this place as a percentage of kills in entire the game.
 B = Kills by you in this place as a percentage of kills by you in the entire game.
 C = Kills by friends in this place as a percentage of kills by friends in the entire game.
 D = Other kills in this place as a percentage of other kills in the entire game.
 E = Experience gained in this place as a percentage of experience gained in the entire game.
 F = Experience gained in this place divided by the number of levels of this place that you have seen.
                   A       B       C       D       E      F
               +-------+-------+-------+-------+-------+----------------------
         Total | 100.0 | 100.0 |  -nan |  -nan | 100.0 |  42.4
       Dungeon | 100.0 | 100.0 |  -nan |  -nan | 100.0 |  42.4
               +-------+-------+-------+-------+-------+----------------------

Vault maps used:
D:1:      dpeg_arrival_stonehenge_8_columns
D:2:      first_bread, hangedman_decor_push, st_stairs_12, uniq_jessica
D:4:      gammafunk_temple_overflow_wave, lemuel_coloured_pillars_altar
D:5:      lemuel_ice_spiral_2, xom_redecorated
